AoeStats
← 肥肠拌面

Arena

510280578Analyzed
4v4 RM · 15h ago on Sep 30, 2026· 63m 47s· 8 players
Game mode
Random Map
Map size
Large (8 player)
Population
200
Speed
Normal
Resources
Standard
Victory
Conquest
Starting age
Dark Age
Ending age
Imperial Age
RankedLock teamsTeams togetherTeam positionsShared explorationLock speedFull tech treeHidden civsTurbo modeCheats
Victory
Defeat
🇨🇳 Mongols · China
1030
+14
🇵🇰 Malay · Pakistan
1011
+14
🇹🇼 Teutons · Taiwan
933
+18
🇹🇷 Romans · Türkiye
909
+19
🇨🇳 Turks · China
991
-17
🇮🇩 Franks · Indonesia
982
-17
🇨🇳 Persians · China
974
-16
🇮🇩 Japanese · Indonesia
951
-15
DekaJe
0:30 Loom
10:46 Feudal Age
15:58 Castle Age
15:50 Forging
20:54 Fletching
24:56 Scale Mail Armor
28:10 Double-Bit Axe
28:13 Horse Collar
29:43 Chain Mail Armor
30:53 Heavy Plow
31:10 Pikeman
32:35 Bodkin Arrow
33:19 Iron Casting
40:50 Imperial Age
38:59 Wheelbarrow
38:09 Town Watch
41:47 Bodkin Arrow
41:48 Guard Tower
41:54 Murder Holes
42:22 Ballistics
41:43 Treadmill Crane
43:33 Bow Saw
43:52 Padded Archer Armor
44:06 Halberdier
46:03 Yasama
46:58 Crossbowman
48:52 Keep
48:47 Gold Mining
48:54 Stone Mining
49:49 Scale Barding Armor
49:50 Elite Skirmisher
50:37 Thumb Ring
51:26 Bracer
51:18 Elite Samurai
54:56 Plate Mail Armor
54:44 Leather Archer Armor
54:35 Gambesons
54:51 Squires
56:38 Parthian Tactics
57:29 Hand Cart
59:37 Gold Shaft Mining
肥肠拌面
10:30 Feudal Age
14:12 Castle Age
12:02 Double-Bit Axe
12:29 Horse Collar
20:43 Wheelbarrow
23:04 Bow Saw
24:09 Heavy Plow
25:14 Hand Cart
29:18 Imperial Age
26:59 Gold Mining
27:14 Loom
27:14 Town Watch
27:38 Scale Barding Armor
27:43 Forging
29:26 Gold Shaft Mining
29:22 Husbandry
29:33 Bloodlines
29:47 Chain Barding Armor
30:02 Iron Casting
29:07 Cavalier
30:29 Crop Rotation
31:06 Two-Man Saw
31:07 Conscription
30:58 Town Patrol
30:52 Stone Mining
31:46 Plate Barding Armor
30:38 Savar
32:51 Blast Furnace
32:32 Stone Shaft Mining
36:12 Guilds
44:56 Chemistry
44:17 Ballistics
44:19 Fletching
44:29 Padded Archer Armor
46:19 Bodkin Arrow
46:39 Leather Archer Armor
53:13 Light Cavalry
muhaliefr06
11:45 Feudal Age
13:45 Wheelbarrow
15:14 Loom
18:21 Castle Age
16:51 Double-Bit Axe
18:47 Stone Mining
20:13 Squires
20:17 Scale Mail Armor
20:24 Scale Barding Armor
28:21 Gold Mining
31:42 Fletching
33:07 Pikeman
37:05 Hand Cart
37:12 Bow Saw
37:38 Scale Mail Armor
40:17 Chain Mail Armor
41:34 Gambesons
lynavy
12:55 Feudal Age
14:18 Double-Bit Axe
17:36 Castle Age
15:30 Gold Mining
18:37 Fletching
24:07 Imperial Age
21:47 Squires
22:21 Ballistics
24:04 Fortified Wall
30:28 Padded Archer Armor
33:30 Thumb Ring
33:55 Scale Mail Armor
39:17 Leather Archer Armor
NSN WAJID
14:05 Feudal Age
14:40 Loom
17:17 Castle Age
15:56 Wheelbarrow
15:11 Horse Collar
16:01 Double-Bit Axe
22:01 Gold Mining
22:25 Forging
38:52 Gold Shaft Mining
38:28 Bow Saw
38:21 Heavy Plow
39:51 Hand Cart
44:09 Imperial Age
44:15 Crop Rotation
43:58 Elite Battle Elephant
44:39 Husbandry
45:46 Pikeman
47:28 Iron Casting
47:05 Scale Barding Armor
48:12 Squires
47:57 Arson
47:56 Halberdier
55:42 Capped Ram
squeezecheese21
11:20 Feudal Age
12:36 Wheelbarrow
11:47 Double-Bit Axe
11:49 Horse Collar
14:17 Stone Mining
15:09 Gold Mining
18:58 Castle Age
17:54 Scale Barding Armor
18:14 Bloodlines
19:31 Loom
19:55 Heavy Plow
20:07 Bow Saw
24:18 Forging
27:40 Gold Shaft Mining
29:14 Iron Casting
29:56 Chain Barding Armor
30:28 Ballistas
30:28 Fletching
31:21 Hand Cart
34:42 Ballistics
36:26 Masonry
38:51 Imperial Age
36:33 Town Watch
36:59 Bodkin Arrow
37:33 Scale Mail Armor
37:02 Man-at-Arms
37:43 Squires
37:05 Pikeman
38:06 Careening
38:44 Murder Holes
39:18 Heavy Scorpion
39:21 Capped Ram
39:32 Capped Ram
39:35 Elite Centurion
40:37 Conscription
41:41 Comitatenses
41:34 Siege Ram
44:14 Siege Engineers
45:11 Chemistry
44:45 Shipwright
45:33 Chemistry
45:04 Architecture
45:54 Crop Rotation
feifei0920097740
3:53 Loom
11:18 Feudal Age
11:57 Double-Bit Axe
13:22 Fletching
23:53 Castle Age
22:12 Horse Collar
22:42 Gold Mining
23:33 Stone Mining
27:14 Bow Saw
28:07 Heavy Plow
30:44 Wheelbarrow
30:51 Town Watch
33:01 Stone Shaft Mining
35:52 Imperial Age
35:36 Hand Cart
35:11 Elite Skirmisher
36:19 Ballistics
36:10 Fortified Wall
36:26 Cavalier
40:55 Chemistry
41:52 Scale Mail Armor
43:30 Chain Mail Armor
43:26 Forging
44:52 Bodkin Arrow
44:58 Padded Archer Armor
45:48 Squires
45:34 Gambesons
45:35 Arson
46:13 Conscription
46:39 Scale Barding Armor
50:10 Plate Mail Armor
50:16 Iron Casting
49:12 Pikeman
52:44 Halberdier
53:57 Bloodlines
55:57 Blast Furnace
挺拔的象拔蚌
9:19 Feudal Age
7:52 Loom
15:21 Castle Age
13:42 Double-Bit Axe
13:52 Horse Collar
18:17 Gold Mining
22:02 Wheelbarrow
24:24 Gold Shaft Mining
24:17 Heavy Plow
25:15 Bow Saw
26:20 Fletching
26:46 Stone Mining
27:54 Bodkin Arrow
27:59 Padded Archer Armor
28:51 Stone Shaft Mining
28:31 Forging
28:26 Scale Barding Armor
28:56 Hand Cart
31:21 Imperial Age
29:23 Ballistics
29:24 Town Watch
30:03 Leather Archer Armor
29:55 Husbandry
30:06 Bloodlines
30:07 Thumb Ring
30:48 Forging
30:44 Scale Barding Armor
30:08 Light Cavalry
32:24 Conscription
31:48 Hussar
33:15 Iron Casting
33:00 Chain Barding Armor
33:40 Parthian Tactics
34:47 Murder Holes
35:26 Fortified Wall
35:03 Pikeman
35:45 Squires
35:57 Scale Mail Armor
36:20 Heavy Camel Rider
40:26 Blast Furnace
53:12 Chain Mail Armor
Connection lost

Rejoining the realm…

Still unreachable

The connection could not be restored.

Session expired

The server has moved on; the page needs a fresh start.